 Dungeon Crawl Stone Soup version 0.21.0-37-g46506fa5f3 (webtiles) character file.

15357 Fascinator the Spear-Bearer (level 12, -3/97 HPs)
             Began as a Demonspawn Fighter on Jan 31, 2018.
             Was an Elder of Yredelemnul.
             Succumbed to Aizul's bolt of poison
             ... on level 2 of the Orcish Mines.
             The game lasted 01:13:14 (14550 turns).

Fascinator the Spear-Bearer (Demonspawn Fighter)   Turns: 14550, Time: 01:13:14

Health: -3/97      AC: 20    Str: 25 (26) XL:     12   Next: 0%
Magic:  18/18      EV: 12    Int:  8 (10) God:    Yredelemnul [****..]
Gold:   440        SH:  5    Dex: 21 (22) Spells: 11/11 levels left

rFire    . . .     SeeInvis .   x - +2 halberd (chop)
rCold    . . .     Gourm    .   (shield currently unavailable)
rNeg     + . .     Faith    .   B - +2 plate armour {MR+}
rPois    .         Spirit   .   (helmet unavailable)
rElec    +         Reflect  +   (no cloak)
rCorr    .         Harm     .   G - +1 pair of gloves
MR       ++...     Rnd*Rage +   (no boots)
Stlth    ..........             c - +5 amulet of reflection
HPRegen  0.26/turn              w - ring of protection from magic
MPRegen  0.16/turn              r - ring of positive energy

@: mighty, agile, lethally poisoned (-3 -> -45)
A: horns 3, yellow scales 1, agile 2, berserk 1, deterioration 1, powered by
pain 1, electricity resistance, spiny 2
a: Recall Undead Slaves, Injury Mirror, Animate Dead, Drain Life, Renounce
Religion


You were on level 2 of the Orcish Mines.
You worshipped Yredelemnul.
Yredelemnul was greatly pleased with you.
You were not hungry.

You visited 4 branches of the dungeon, and saw 13 of its levels.

You collected 1431 gold pieces.
You spent 991 gold pieces at shops.

Inventory:

Hand Weapons
 s - a +2 demon blade
 x - a +2 halberd of chopping (weapon)
 E - a +0 scythe
Armour
 j - a +0 large shield
 B - a +2 plate armour of magic resistance (worn)
 G - a +1 pair of gloves (worn)
 K - a +2 cloak of invisibility
Jewellery
 a - an uncursed ring of protection from cold
 c - a +5 amulet of reflection (around neck)
 n - an uncursed ring of ice
 r - a ring of positive energy (right hand)
 t - an uncursed ring of resist corrosion
 u - a +3 ring of strength
 w - a ring of protection from magic (left hand)
 I - an uncursed ring of protection from fire
Wands
 y - a wand of clouds (6)
 F - a wand of digging (22)
 J - a wand of paralysis (9)
Scrolls
 b - a scroll of torment {unknown}
 g - a scroll of fear
 h - 5 scrolls of remove curse
 l - 4 scrolls of enchant armour
 m - 9 scrolls of identify
 q - 3 scrolls of teleportation
Potions
 d - 3 potions of might
 i - 2 potions of berserk rage
 k - a potion of magic {unknown}
 o - 3 potions of mutation
 p - 2 potions of flight
 z - 2 potions of agility
 A - 2 potions of ambrosia
 C - a potion of degeneration {unknown}
 D - a potion of lignification {unknown}
Comestibles
 f - 15 rations


   Skills:
 + Level 10.2 Fighting
 * Level 11.1 Polearms
 + Level 8.7 Armour
 - Level 3.3 Shields
 - Level 8.3 Invocations
 + Level 4.6 Evocations


You had 11 spell levels left.
You didn't know any spells.

Dungeon Overview and Level Annotations

Branches:
Dungeon (9/15)             Temple (1/1) D:4             Orc (2/2) D:9
    Elf (1/3) Orc:2
   Lair: D:8-11

Altars:
Dithmenos
Elyvilon
Kikubaaqudgha
Nemelex Xobeh
Qazlal
Yredelemnul
The Shining One

Shops:
D:4 *   Orc:1 [:!%=   Orc:2 (=%(*

Annotations:
D:5 1 exclusion
Orc:1 1 runed door, exclusions: 4 orange crystal statues and 1 more exclusion
Orc:2 Aizul


Innate Abilities, Weirdness & Mutations

You have a pair of large horns on your head.
You are partially covered in yellow scales. (AC +2)
You sometimes gain a little power by taking damage.
You are mostly covered in sharp spines.
You are very agile. (Dex +4)
You tend to lose your temper in combat.
Your body sometimes deteriorates upon taking damage.
You are resistant to electric shocks. (rElec)


Message History

* * * LOW HITPOINT WARNING * * *
You feel very sick.
Aizul coils herself and waves her upper body at you.
The bolt of poison hits your orc warrior zombie.
Your orc warrior zombie completely resists.
The bolt of poison misses you.
Your orc warrior skeleton closely misses Aizul.
Your orc warrior zombie misses Aizul.
Aizul hits your orc warrior zombie!
Your orc warrior zombie is destroyed!
Your orc sorcerer zombie hits Aizul but does no damage.
* * * LOW HITPOINT WARNING * * *
You feel sick. Aizul casts a spell at you. The bolt of poison hits you!
You are more poisoned.
* * * LOW HITPOINT WARNING * * *
Your orc warrior skeleton completely misses Aizul.
Your orc sorcerer zombie hits Aizul but does no damage.
You die...
Your body rises from the dead as a mindless zombie.

#..........[.....##...#.......
##.........[<)................ #
##............................ #
#..................S)......... #
#.................)ZZ.........
##.................)..........
##............................
#....#........................
#.....##.....@...#............
####............................
##.####.............[............
#...#..[...).........<...........
##.................#..[..........
##..[[...................[.......
ZZZ.[............................
#..).#.........#...........#.....
.........##........#.............


You could see Aizul, a friendly orc sorcerer zombie and a friendly orc warrior
skeleton.

Vanquished Creatures
  A dancing weapon (Orc:2)
  A two-headed ogre (Orc:1)
  3 orc high priests
  Pikel (D:1)
  2 orc knights
  An orc sorcerer (Orc:2)
  A deep elf mage (Orc:2)
  A cyclops (D:6)
  The ghost of NihilVerum the Chiller, a novice DrIE (D:5)
  2 trolls
  Prince Ribbit (D:6)
  A hippogriff (D:6)
  Sigmund (D:5)
  A hungry ghost (D:8)
  4 wargs
  Edmund (D:6)
  5 ice beasts
  11 orc warriors
  3 sky beasts
  8 ogres
  2 phantoms (D:5)
  3 centaurs
  A crocodile (D:6)
  A big kobold (D:7)
  Blork the orc (D:6)
  7 bullfrogs
  A gnoll sergeant (Orc:2)
  2 scorpions
  5 killer bees
  8 howler monkeys
  4 wights (D:7)
  4 crimson imps
  2 bullfrog zombies
  A bullfrog skeleton (D:6)
  4 hounds
  2 jellies
  2 centaur skeletons
  20 orc priests
  An iguana (D:5)
  Crazy Yiuf (D:6)
  17 orc wizards
  5 worker ants
  A killer bee zombie (D:7)
  2 hound zombies
  3 worker ant zombies
  7 adders
  9 gnolls
  A howler monkey skeleton (D:3)
  A shadow imp (D:5)
  2 adder zombies (D:9)
  2 adder skeletons
  2 worms
  2 leopard geckos
  37 orcs
  3 ball pythons
  4 giant cockroaches
  6 hobgoblins
  21 jackals
  A quokka (D:4)
  4 bats
  7 frilled lizards
  7 goblins
  19 kobolds
  A leopard gecko skeleton (D:7)
  A quokka skeleton (D:4)
  5 rats
292 creatures vanquished.

Vanquished Creatures (collateral kills)
  An orc high priest (Orc:1)
  A deep elf mage (Orc:2)
  An orc knight (Orc:1)
  An orc sorcerer (Orc:2)
  Maurice (D:8)
  9 orc warriors
  3 ogres
  A necrophage (D:8)
  A centaur (D:8)
  2 bullfrogs (D:8)
  A scorpion (D:8)
  5 orc priests
  4 orc wizards
  An adder (D:9)
  10 orcs
  4 kobolds (D:7)
  3 plants (D:7)
49 creatures vanquished.

Vanquished Creatures (others)
  9 flying skulls
  2 wraiths (Orc:1)
  A warg zombie (Orc:2)
  A warg skeleton (Orc:1)
  A howler monkey (D:4)
  An ogre zombie (Orc:1)
  A gnoll zombie (Orc:2)
  An adder skeleton (D:7)
  3 kobold skeletons (D:7)
  10 orc skeletons
  17 orc zombies
  2 plants (D:7)
49 creatures vanquished.

Grand Total: 390 creatures vanquished

Notes
Turn   | Place    | Note
-------+----------+-------------------------------------------
     0 | D:1      | Fascinator the Demonspawn Fighter began the quest for the Orb.
     0 | D:1      | Reached XP level 1. HP: 18/18 MP: 1/1
   316 | D:1      | Gained mutation: You have a pair of small horns on your head. [demonic ancestry]
   316 | D:1      | Reached XP level 2. HP: 20/24 MP: 2/2
   324 | D:1      | Reached skill level 2 in Polearms
  1032 | D:2      | Gained mutation: You are partially covered in sharp spines. [demonic ancestry]
  1032 | D:2      | Reached XP level 3. HP: 27/29 MP: 3/3
  1312 | D:2      | Gained mutation: You are mostly covered in sharp spines. [demonic ancestry]
  1312 | D:2      | Reached XP level 4. HP: 36/37 MP: 4/4
  2300 | D:4      | Noticed a slave
  2300 | D:4      | Noticed a slave
  2397 | D:4      | Gained mutation: You are partially covered in yellow scales. (AC +2) [demonic ancestry]
  2397 | D:4      | Reached XP level 5. HP: 28/43 MP: 5/5
  3000 | D:4      | Noticed Pikel
  3005 | D:4      | Noticed a slave
  3006 | D:4      | Noticed a slave
  3263 | D:1      | Killed Pikel
  3263 | D:1      | Reached skill level 3 in Polearms
  3263 | D:1      | Reached XP level 6. HP: 32/52 MP: 6/6
  3263 | D:1      | Gained mutation: You have a pair of horns on your head. [demonic ancestry]
  3263 | D:1      | Reached XP level 7. HP: 36/58 MP: 7/7
  3452 | D:4      | Found Ziwokaf's General Store.
  3467 | D:4      | Bought a potion of ambrosia for 112 gold pieces
  3495 | D:4      | Found a staircase to the Ecumenical Temple.
  3504 | Temple   | Entered the Ecumenical Temple
  3560 | Temple   | Became a worshipper of Yredelemnul the Dark
  3662 | D:4      | Reached skill level 4 in Polearms
  4313 | D:5      | Entered Level 5 of the Dungeon
  4320 | D:5      | Reached skill level 1 in Invocations
  4600 | D:5      | Noticed NihilVerum's ghost (novice DrIE)
  4619 | D:5      | Killed NihilVerum's ghost
  4619 | D:5      | Reached skill level 5 in Polearms
  4619 | D:5      | Reached XP level 8. HP: 39/65 MP: 8/10
  4640 | D:5      | Noticed Sigmund
  4752 | D:5      | Killed Sigmund
  4752 | D:5      | Reached skill level 5 in Armour
  5040 | D:5      | Reached skill level 6 in Polearms
  5427 | D:5      | Reached * piety under Yredelemnul
  5548 | D:5      | Reached XP level 9. HP: 60/72 MP: 12/12
  5768 | D:5      | Reached skill level 5 in Invocations
  6044 | D:6      | Noticed Blork the orc
  6046 | D:6      | Killed Blork the orc
  6092 | D:6      | Noticed a cyclops
  6102 | D:6      | Reached skill level 7 in Polearms
  6374 | D:6      | Killed a cyclops
  6375 | D:6      | Reached ** piety under Yredelemnul
  6526 | D:6      | Noticed Edmund
  6532 | D:6      | Killed Edmund
  6680 | D:6      | Noticed Prince Ribbit
  6687 | D:6      | Killed Prince Ribbit
  6687 | D:6      | Reached skill level 8 in Polearms
  6801 | D:6      | Found a runed door.
  6979 | D:6      | Noticed Crazy Yiuf
  6982 | D:6      | Killed Crazy Yiuf
  6982 | D:6      | Gained mutation: You sometimes gain a little power by taking damage. [demonic ancestry]
  6982 | D:6      | Reached XP level 10. HP: 80/80 MP: 15/15
  7102 | D:7      | Found a white marble altar of Elyvilon.
  7286 | D:7      | Reached *** piety under Yredelemnul
  7695 | D:7      | Received a gift from Yredelemnul (4 flying skulls)
  8330 | D:8      | Noticed Maurice
  8346 | D:8      | Killed Maurice
  8346 | D:8      | Reached skill level 9 in Polearms
  8391 | D:8      | Gained mutation: You are resistant to electric shocks. (rElec) [potion of mutation]
  8391 | D:8      | Gained mutation: You are agile. (Dex +2) [potion of mutation]
  8537 | D:8      | Received a gift from Yredelemnul (3 flying skulls)
  8870 | D:9      | Found a staircase to the Orcish Mines.
  9118 | Orc:1    | Entered Level 1 of the Orcish Mines
  9122 | Orc:1    | Found Seituiz's Food Shop.
  9193 | Orc:1    | Noticed an orc knight
  9217 | Orc:1    | Killed an orc knight
  9217 | Orc:1    | Reached skill level 1 in Evocations
  9470 | Orc:1    | Bought a ration for 55 gold pieces
  9470 | Orc:1    | Bought a ration for 55 gold pieces
  9470 | Orc:1    | Bought a ration for 55 gold pieces
  9470 | Orc:1    | Bought a ration for 55 gold pieces
  9470 | Orc:1    | Bought a ration for 55 gold pieces
  9470 | Orc:1    | Bought a ration for 55 gold pieces
  9470 | Orc:1    | Bought a ration for 55 gold pieces
  9531 | Orc:2    | Entered Level 2 of the Orcish Mines
  9531 | Orc:2    | Found a staircase to the Elven Halls.
  9531 | Orc:2    | Noticed an orc knight
  9542 | Orc:1    | Killed an orc knight
  9649 | Orc:1    | Reached **** piety under Yredelemnul
  9922 | Elf:1    | Entered Level 1 of the Elven Halls
  9922 | Elf:1    | Noticed a deep elf mage
  9922 | Elf:1    | Noticed a deep elf mage
  9922 | Elf:1    | Noticed a deep elf mage
  9922 | Elf:1    | Noticed Aizul
  9922 | Elf:1    | Noticed a deep elf mage
  9961 | Orc:2    | Reached XP level 11. HP: 72/89 MP: 17/17
  9965 | Orc:2    | Noticed an orc high priest
  9967 | Orc:2    | Noticed an orc high priest
 10102 | Orc:1    | Killed an orc high priest
 10103 | Orc:1    | Received a gift from Yredelemnul (a wraith)
 10144 | Orc:1    | Killed an orc high priest
 10301 | Orc:2    | Noticed an orc high priest
 10513 | Orc:1    | Gained mutation: Your spells are a little easier to cast, but a little less powerful. [a neqoxec]
 10519 | Orc:1    | Gained mutation: You are very agile. (Dex +4) [a neqoxec]
 10522 | Orc:1    | Lost mutation: Your spells are a little easier to cast, but a little less powerful. [a neqoxec]
 10525 | Orc:1    | Gained mutation: Your body sometimes deteriorates upon taking damage. [a neqoxec]
 10536 | Orc:1    | Gained mutation: You tend to lose your temper in combat. [a neqoxec]
 11004 | D:9      | Reached skill level 10 in Polearms
 11323 | Orc:1    | Killed an orc high priest
 11454 | Orc:2    | Found Gudum's Antique Weapon Emporium.
 11548 | Orc:2    | Found Sotax's Food Shop.
 11549 | Orc:2    | Found Noitumi's General Store.
 11550 | Orc:2    | Found Feadere's Antique Weapon Boutique.
 11553 | Orc:2    | Found Ublikirr's Jewellery Shop.
 11578 | Orc:2    | Received a gift from Yredelemnul (2 flying skulls)
 11733 | Orc:2    | Killed an orc sorcerer
 11775 | Orc:2    | Noticed an orc high priest
 11779 | Orc:2    | Killed an orc high priest
 11939 | Orc:2    | Noticed an orc knight
 11963 | Orc:2    | Noticed a two-headed ogre
 12025 | Orc:1    | Killed a two-headed ogre
 12283 | Orc:2    | Killed an orc knight
 12446 | Orc:1    | Noticed an orc sorcerer
 12449 | Orc:1    | Received a gift from Yredelemnul (a wraith)
 12457 | Orc:2    | Reached skill level 10 in Fighting
 12625 | Orc:1    | Noticed a sixfirhy
 12634 | Orc:2    | Killed an orc sorcerer
 12698 | Orc:1    | Found Ynaimab's Book Shop.
 12765 | Orc:1    | Found Raij's Jewellery Shop.
 12773 | Orc:1    | Bought a +5 amulet of reflection for 494 gold pieces
 12783 | Orc:1    | Found Qatip's Distillery.
 12812 | Orc:1    | Found a runed door.
 12818 | Orc:1    | Noticed an orange crystal statue
 12824 | Orc:1    | Found the +10 large shield of Ignorance {rN+ Int-4}
 12830 | Orc:1    | Noticed an orange crystal statue
 12830 | Orc:1    | Noticed an orange crystal statue
 12830 | Orc:1    | Noticed an orange crystal statue
 13104 | Orc:1    | Found a runed door.
 13105 | Orc:1    | Noticed an orc high priest
 13105 | Orc:1    | Noticed an orc high priest
 13105 | Orc:1    | Noticed an orc sorcerer
 13106 | Orc:1    | Noticed an orc sorcerer
 13106 | Orc:1    | Noticed a sixfirhy
 13500 | Orc:1    | Reached skill level 11 in Polearms
 13536 | Orc:1    | Found Roleq's Armour Shop.
 13723 | Orc:2    | Noticed an enchanted demon blade
 13860 | Orc:2    | Killed an enchanted demon blade
 14357 | Orc:2    | Killed a deep elf mage
 14538 | Orc:2    | Killed a deep elf mage
 14538 | Orc:2    | Gained mutation: You have a pair of large horns on your head. [demonic ancestry]
 14538 | Orc:2    | Reached XP level 12. HP: 16/97 MP: 18/18
 14549 | Orc:2    | HP: 1/97 [Aizul/bolt of poison (10)]
 14550 | Orc:2    | Succumbed to Aizul's bolt of poison

Skill      XL: |  1  2  3  4  5  6  7  8  9 10 11 |
---------------+----------------------------------+-----
Polearms       | 2 3 5 6 8 9 11 | 11.1
Shields        | 3 |  3.3
Armour         | 3 4 5 6 7 8 |  8.7
Fighting       | 4 6 7 8 9 10 | 10.2
Invocations    | 3 4 6 8 |  8.3
Evocations     | 1 4 |  4.6

Action                   |  1- 3 |  4- 6 |  7- 9 | 10-12 || total
-------------------------+-------+-------+-------+-------++-------
Melee: Trident           |   114 |    52 |       |       ||   166
       Headbutt          |     8 |    12 |    29 |    70 ||   119
       Halberd           |       |    14 |   204 |   405 ||   623
Invok: Animate Dead      |       |       |       |    23 ||    23
       Recall Undead Sla |       |       |       |     1 ||     1
Evoke: Wand              |       |       |       |     3 ||     3
  Use: Scroll            |       |       |     5 |    20 ||    25
       Potion            |       |       |       |     7 ||     7
 Stab: Distracted        |       |       |       |     3 ||     3
       Paralysed         |       |       |       |     2 ||     2
  Eat: Chunk             |     1 |     2 |     9 |    19 ||    31
       Ration            |       |     1 |     1 |     4 ||     6
Armor: Scale mail        |    50 |    26 |    69 |    28 ||   173
       Chain mail        |       |       |       |    15 ||    15
       Plate armour      |       |       |       |    84 ||    84
Dodge: Dodged            |    16 |    19 |    52 |    96 ||   183
Block: Shield            |    38 |    15 |       |       ||    53
       Other             |       |       |       |     9 ||     9
       Reflection        |       |       |       |     2 ||     2
